 Dungeon Crawl Stone Soup version 0.18.1-5-g4a78601 (webtiles) character file.

267225 M4edhros the Peltast (level 20, -11/139 HPs)
             Began as an Octopode Necromancer on May 12, 2016.
             Was a High Priest of Cheibriados.
             Mangled by a death ooze (27 damage)
             ... created by the Royal Jelly
             ... on level 6 of the Pits of Slime.
             The game lasted 01:49:42 (17907 turns).

M4edhros the Peltast (Octopode Necromancer)        Turns: 17907, Time: 01:49:42

Health: -11/139    AC: -8    Str: 29    XL:     20   Next: 12%
Magic:  2/40       EV: 32    Int: 32    God:    Cheibriados [*****.]
Gold:   910        SH: 32    Dex: 31    Spells: 10 memorised, 4 levels left

rFire  . . .     SeeInvis +       - Unarmed
rCold  + . .     Gourm    .     L - +3 large shield of Summertime {MR+ rCorr Str+4 SInv}
rNeg   . . .     Faith    .     P - +2 hat
rPois  +         Spirit   .     M - amulet "Elyc" {Reflect MP+9 SH+4}
rElec  .         Dismiss  .     Z - ring of wizardry
rCorr  +         Reflect  +     D - +3 ring of strength
SustAt .         Harm     .     R - ring of protection from magic
MR     +++..                    K - ring of protection from fire
Stlth  +++++++...               C - ring of ice
                                t - ring of wizardry
                                e - +3 ring of evasion
                                z - +5 ring of protection

@: corroded, studying Stealth, very slow, extremely resistant to hostile
enchantments, extremely stealthy
A: almost no armour, amphibious, 8 rings, constrict 8, tentacle spike 1,
repulsion field 1, rough black scales 1, camouflage 1, agile 1, deterioration 1,
mutation resistance 1, poison resistance, strong 1, gelatinous body 1
a: Bend Time, Temporal Distortion, Slouch, Step From Time, Renounce Religion
}: 2/15 runes: serpentine, barnacled


You were on level 6 of the Pits of Slime.
You worshipped Cheibriados.
Cheibriados was extremely pleased with you.
You were not hungry.

You visited 8 branches of the dungeon, and saw 43 of its levels.
You also visited: Labyrinth, Ossuary and Ice Cave.

You collected 2508 gold pieces.
You spent 1598 gold pieces at shops.

Inventory:

Armour
 L - the +3 large shield of Summertime (worn) {MR+ rCorr Str+4 SInv}
   (You bought it in a shop on level 12 of the Dungeon)

   It affects your strength (+4).
   It affects your resistance to hostile enchantments.
   It lets you see invisible.
   It protects you from acid and corrosion.
 P - a +2 hat (worn)
 S - the +2 shield of Resistance {rF+ rC+ MR+}
   (You took it off a deep elf annihilator on level 3 of the Elven Halls)

   It protects you from fire.
   It protects you from cold.
   It affects your resistance to hostile enchantments.
Jewellery
 e - a +3 ring of evasion (on tentacle)
 m - an uncursed ring of positive energy
 t - a ring of wizardry (on tentacle)
 z - a +5 ring of protection (on tentacle)
 C - a ring of ice (on tentacle)
 D - a +3 ring of strength (right tentacle)
 K - a ring of protection from fire (on tentacle)
 M - the amulet "Elyc" (around mantle) {Reflect MP+9 SH+4}
   (You bought it in a shop on level 2 of the Orcish Mines)

   [amulet of reflection]

   It shields you and reflects attacks.
   It affects your magic capacity (+9).
   It affects your SH (+4).
 R - a ring of protection from magic (on tentacle)
 Z - a ring of wizardry (left tentacle)
Wands
 h - a wand of disintegration (3/24)
 j - a wand of acid (2/15)
 v - a wand of paralysis (12/24)
 B - a wand of confusion (11/48)
 V - a wand of heal wounds (1/9)
Scrolls
 a - a scroll of enchant armour
 l - 5 scrolls of teleportation
 n - 2 scrolls of silence
 q - 2 scrolls of blinking
 r - 2 scrolls of vulnerability
 u - 3 scrolls of noise
 x - 4 scrolls of fear
 G - 7 scrolls of recharging
 J - 2 scrolls of fog
 W - 3 scrolls of identify
Potions
 i - 3 potions of agility
 k - a potion of resistance
 A - 4 potions of curing
 I - 3 potions of lignification
Books
 T - a manual of Stealth
Miscellaneous
 y - a phial of floods (inert)
 F - a legendary deck of changes {the Mercenary}
 Q - a stone of tremors
 X - a sack of spiders {used: 3}
Comestibles
 b - 14 bread rations
 p - 9 beef jerkies


   Skills:
 + Level 12.7 Fighting
 + Level 12.7 Dodging
 + Level 10.2 Stealth
 + Level 18.5 Shields
 + Level 14.6 Unarmed Combat
 + Level 7.5 Spellcasting
 + Level 3.5 Summonings
 - Level 4.6 Necromancy
 - Level 10.7 Transmutations
   Level 4.5 Ice Magic
 - Level 1.7 Air Magic
 - Level 10.3 Earth Magic
 - Level 5.5 Invocations
 - Level 7.1 Evocations


You had 4 spell levels left.
You knew the following spells:

 Your Spells              Type           Power        Failure   Level  Hunger
a - Pain                  Necr           ####         1%          1    None
b - Animate Skeleton      Necr           N/A          1%          1    None
c - Animate Dead          Necr           N/A          4%          4    #......
d - Mephitic Cloud        Conj/Pois/Air  ###.....     7%          3    None
e - Petrify               Trmt/Erth      ######..     1%          4    #......
f - Confusing Touch       Hex            ##....       4%          2    None
g - Repel Missiles        Chrm/Air       ###...       3%          2    None
h - Statue Form           Trmt/Erth      ######...    5%          6    ######.
i - Summon Lightning Spi  Summ/Air       ####....     11%         4    #......
r - Regeneration          Chrm/Necr      ####......   3%          3    None


Dungeon Overview and Level Annotations

Branches:
Dungeon (15/15)            Temple (1/1) D:4            Lair (8/8) D:8
 Shoals (4/4) Lair:3        Snake (4/4) Lair:3        Slime (6/6) Lair:8
    Orc (2/2) D:9             Elf (3/3) Orc:2        Depths (0/5) D:15
 Vaults: D:13-14

Altars:
Ashenzari
Cheibriados
Dithmenos
Elyvilon
Fedhas
Gozag
Kikubaaqudgha
Pakellas
Qazlal
Ru
Sif Muna
Trog
Vehumet
Xom
Yredelemnul
Zin
The Shining One
Beogh
Jiyva

Shops:
D:10 *   D:12 %*?*   Orc:1 *   Orc:2 %%%=

Annotations:
D:13 2 exclusions


Innate Abilities, Weirdness & Mutations

You cannot wear most types of armour.
You are amphibious.
You can wear up to eight rings at the same time.
You can use your tentacles to constrict eight enemies at once.
Your skin changes colour to match your surroundings (Stealth).
Your rubbery body absorbs attacks (AC +1).
One of your tentacles bears a spike.
You are surrounded by a mild repulsion field (EV +2).
You are partially covered in rough black scales (AC +4, Dex -1).
You are agile. (Dex +2)
Your body sometimes deteriorates upon taking damage.
You are somewhat resistant to further mutation.
Your system is resistant to poisons.
Your muscles are strong. (Str +2)


Message History

Unknown command.
Unknown command.
Evoke which item? (* to show all) (? for menu, Esc to quit)
Okay, then.
Evoke which item? (* to show all) (? for menu, Esc to quit)
Zapping:
V - a wand of heal wounds (2/9)
Press: ? - help, Shift-Dir - straight line, f - you You feel much better.
This wand has 1 charge left.
You revert to your normal fleshy form.
You block the slime creature's attack. You block the azure jelly's attack.
The azure jelly misses you.
The azure jelly completely misses you. x2
You block the death ooze's attack. The death ooze misses you.
The death ooze completely misses you. You block the death ooze's attack.
The acid blob spits acid at you. The splash of acid hits you! You resist.
* * * LOW HITPOINT WARNING * * *
The acid burns!
You resist.
* * * LOW HITPOINT WARNING * * *
The death ooze hits you!!
You die...

.....................J#...#
...................##JJ.#...
...................#########
#...............J..#
.#........§§≈......#
##................#
........§§J.....J#
......JJJ.........
#......@J.........#
##......J..........
#.#...............
#........... #...........
...........J ##...........
###.........


You could see 2 acid blobs, 3 azure jellies, a slime creature and 2 death oozes.

Vanquished Creatures
  the Royal Jelly (Slime:6)
  11 acid blobs
  A deep elf blademaster (Elf:3)
  Roxanne (Elf:1)
  Ilsuiw (Shoals:4)
  7 azure jellies
  3 greater nagas
  2 frost giants (Shoals:4)
  2 deep elf sorcerers (Elf:3)
  5 deep elf elementalists (Elf:3)
  Louise (Elf:1)
  4 deep elf demonologists (Elf:3)
  Azrael (D:13)
  9 deep elf annihilators
  4 merfolk javelineers (Shoals:4)
  An ettin (D:15)
  8 merfolk impalers
  8 deep elf death magi
  9 death oozes
  A minotaur (Lab)
  Josephine (Orc:2)
  3 deep elf high priests
  A great orb of eyes (Slime:6)
  27 slime creatures
  8 naga warriors
  A centaur warrior (D:13)
  Harold (Orc:1)
  7 hydras
  5 anacondas
  2 alligator snapping turtles
  A death knight (D:12)
  The ghost of pedritolo the Cleaver, a novice MiFi of the Shining One (D:9)
  5 merfolk avatars
  A satyr (Shoals:4)
  2 tengu warriors
  4 death yaks (Lair:5)
  Urug (Lair:4)
  A small abomination (Elf:3)
  3 orc high priests
  5 dancing weapons
  A shock serpent (Snake:4)
  8 naga sharpshooters
  8 deep elf knights
  2 salamander mystics
  2 unseen horrors
  8 sea snakes
  A deep troll (D:15)
  6 naga ritualists
  Pikel (D:5)
  4 orc knights
  A necromancer (IceCv)
  2 hill giants
  3 deep elf archers
  9 mana vipers
  3 griffons
  30 deep elf magi
  5 harpies
  5 fauns
  7 manticores
  2 shining eyes
  5 salamanders
  5 orc sorcerers
  2 ugly things
  5 cyclopes
  5 sirens
  30 black mambas
  4 guardian serpents
  5 elephants (Lair:4)
  5 water nymphs (Shoals:4)
  An eye of devastation (Slime:4)
  7 naga magi
  A gargoyle (D:10)
  2 ice statues (IceCv)
  A centaur zombie (D:15)
  A centaur skeleton (D:15)
  2 rime drakes
  3 komodo dragons
  26 spiny frogs
  2 tengu conjurers (D:15)
  4 freezing wraiths
  7 ice devils (IceCv)
  A polar bear (Lair:6)
  3 trolls
  Prince Ribbit (D:6)
  12 merfolk
  2 wind drakes (Shoals:4)
  A boulder beetle (Lair:8)
  20 blink frogs
  6 snapping turtles
  Sigmund (D:2)
  8 water elementals
  2 air elementals
  A wyvern (D:13)
  54 yaks
  2 redbacks (Lab)
  6 wraiths
  6 basilisks
  7 golden eyes
  3 hungry ghosts
  2 fire elementals (D:13)
  7 vampire mosquitoes
  11 hippogriffs
  37 nagas
  23 wargs
  3 hell hounds (D:13)
  16 water moccasins
  8 porcupines
  2 ice beasts
  A black bear (D:8)
  33 orc warriors
  4 sky beasts
  An eye of draining (Slime:6)
  A necrophage (D:15)
  3 centaurs
  12 ogres
  8 wolves
  15 crocodiles
  2 big kobolds
  2 earth elementals
  23 giant frogs
  2 scorpions
  5 killer bees (D:9)
  6 electric eels
  8 wights
  A howler monkey (D:13)
  20 jellies
  2 crimson imps
  A giant frog zombie (D:8)
  4 draconian simulacra (IceCv)
  4 hounds
  20 orc priests
  3 giant frog skeletons
  37 orc wizards
  6 hell rats (Lair:5)
  4 iguanas
  2 troll simulacra (IceCv)
  6 worker ants
  21 sheep
  A hound zombie (D:8)
  A hound skeleton (D:7)
  13 mummies (Ossuary)
  A worker ant zombie (D:10)
  3 gnolls (D:4)
  3 naga simulacra (IceCv)
  An ogre simulacrum (IceCv)
  8 adders
  34 river rats
  2 shadow imps
  An adder zombie (D:5)
  2 adder skeletons
  A worm (D:3)
  A dart slug (D:3)
  7 giant geckos
  78 orcs
  A ball python (D:4)
  3 giant cockroaches
  6 hobgoblins
  4 jackals (D:11)
  2 quokkas
  2 bats
  2 giant newts
  3 gnoll skeletons (Ossuary)
  3 goblins
  A goblin skeleton (Ossuary)
  11 kobolds
  3 kobold skeletons (Ossuary)
  An orc skeleton (Ossuary)
  A quokka skeleton (D:5)
  5 rats
  11 rat skeletons (Ossuary)
  2 crawling corpses (Elf:3)
  6 fungi
  2 plants
1119 creatures vanquished.

Vanquished Creatures (collateral kills)
  A deep elf blademaster (Elf:3)
  An acid blob (Slime:3)
  3 greater nagas (Snake:4)
  An azure jelly (Slime:3)
  A deep elf sorcerer (Elf:3)
  Maud (Lair:5)
  A deep elf annihilator (Elf:3)
  A merfolk impaler (Shoals:4)
  3 deep elf death magi (Elf:3)
  2 merfolk javelineers (Shoals:4)
  A great orb of eyes (Slime:6)
  A hydra (D:15)
  2 merfolk aquamancers (Shoals:4)
  A merfolk avatar (Shoals:4)
  3 naga warriors
  An anaconda (Snake:3)
  A shock serpent (Snake:3)
  4 naga sharpshooters (Snake:4)
  2 harpies
  An orc sorcerer (Orc:2)
  2 salamanders (Snake:4)
  2 mana vipers (Snake:4)
  2 fauns (Shoals:4)
  A cyclops (D:13)
  A deep elf mage (Elf:3)
  A centaur zombie (D:12)
  3 sirens (Shoals:4)
  4 naga magi (Snake:4)
  5 black mambas
  A spiny frog (Lair:8)
  3 merfolk
  A blink frog (Lair:8)
  A polar bear (Lair:7)
  7 slime creatures (Slime:3)
  A snapping turtle (Shoals:4)
  3 yaks
  A vampire mosquito (Lair:8)
  4 golden eyes (Slime:3)
  A hippogriff (Lair:7)
  13 nagas (Snake:4)
  3 wargs (D:9)
  A water moccasin (Lair:7)
  3 orc warriors
  2 eyes of draining (Slime:3)
  2 ogres
  2 crocodiles
  6 giant frogs
  A hound (D:7)
  A crimson imp (D:6)
  An orc priest (Orc:2)
  A jelly (Slime:2)
  An orc wizard (D:15)
  A worker ant (D:10)
  4 sheep
  5 river rats (Lair:7)
  8 orcs
  A giant cockroach (D:4)
  A fungus (Lair:1)
  6 plants
139 creatures vanquished.

Vanquished Creatures (others)
  2 deep elf master archers (Elf:3)
  2 merfolk javelineers
  A naga sharpshooter (Snake:1)
  A naga ritualist (Snake:4)
  A deep elf archer (Elf:3)
  A manticore (Shoals:4)
  A faun (Shoals:4)
  A merfolk (Shoals:3)
  2 nagas (Snake:4)
  A human (D:5)
  A centaur (Shoals:4)
  5 fungi
  22 toadstools (Lair:2)
41 creatures vanquished.

Grand Total: 1299 creatures vanquished

Notes
Turn   | Place    | Note
--------------------------------------------------------------
     0 | D:1      | M4edhros the Octopode Necromancer began the quest for the Orb.
     0 | D:1      | Reached XP level 1. HP: 11/11 MP: 3/3
     9 | D:1      | Learned a level 1 spell: Animate Skeleton
   161 | D:2      | Reached skill level 1 in Unarmed Combat
   161 | D:2      | Reached XP level 2. HP: 12/17 MP: 1/5
   378 | D:4      | Found a staircase to the Ecumenical Temple.
   383 | Temple   | Entered the Ecumenical Temple
   412 | Temple   | Became a worshipper of Cheibriados the Contemplative
   435 | D:4      | Reached XP level 3. HP: 3/21 MP: 6/6
   440 | D:4      | Learned a level 3 spell: Regeneration
   671 | Temple   | Reached XP level 4. HP: 16/27 MP: 7/7
   887 | D:4      | Reached * piety under Cheibriados
  1007 | D:4      | Found a radiant altar of Vehumet.
  1055 | D:4      | Reached XP level 5. HP: 30/31 MP: 3/8
  1243 | D:3      | Found a blossoming altar of Fedhas.
  1372 | D:2      | Found a deep blue altar of Sif Muna.
  1410 | D:2      | Noticed Sigmund
  1423 | D:2      | Killed Sigmund
  1423 | D:2      | Reached XP level 6. HP: 4/36 MP: 1/9
  1594 | D:5      | Entered Level 5 of the Dungeon
  1844 | D:5      | Reached ** piety under Cheibriados
  1915 | D:5      | Found a glowing silver altar of Zin.
  1915 | D:5      | Noticed Pikel
  1915 | D:5      | Noticed a slave
  1915 | D:5      | Noticed a slave
  1915 | D:5      | Noticed a slave
  1916 | D:5      | Noticed an angel
  1916 | D:5      | Noticed a slave
  1947 | D:5      | Killed Pikel
  1947 | D:5      | Reached XP level 7. HP: 15/41 MP: 2/10
  1947 | D:5      | Reached XP level 8. HP: 17/46 MP: 2/11
  1987 | D:5      | Found an ancient bone altar of Kikubaaqudgha.
  2078 | D:6      | Noticed Prince Ribbit
  2092 | D:6      | Killed Prince Ribbit
  2140 | D:6      | Reached skill level 1 in Fighting
  2282 | D:7      | Found a sand-covered staircase.
  2306 | Ossuary  | Entered an ossuary
  2758 | D:7      | Reached *** piety under Cheibriados
  2977 | D:7      | Reached skill level 10 in Unarmed Combat
  2977 | D:7      | Reached XP level 9. HP: 57/57 MP: 8/12
  3123 | D:8      | Found a staircase to the Lair.
  3181 | D:8      | Reached skill level 1 in Invocations
  3234 | D:8      | Reached skill level 1 in Evocations
  3438 | D:7      | Found a white marble altar of Elyvilon.
  3493 | D:7      | You fall through a shaft!
  3627 | D:9      | Reached **** piety under Cheibriados
  3785 | D:9      | Noticed pedritolo's ghost (novice MiFi)
  3897 | D:9      | Reached skill level 5 in Dodging
  3920 | D:9      | Reached XP level 10. HP: 41/65 MP: 6/13
  3934 | D:9      | Reached skill level 5 in Fighting
  4025 | D:9      | Reached ***** piety under Cheibriados
  4076 | D:9      | Noticed an orc knight
  4078 | D:9      | Noticed an orc sorcerer
  4083 | D:9      | Killed an orc knight
  4083 | D:9      | Reached skill level 5 in Evocations
  4083 | D:9      | Killed an orc sorcerer
  4084 | D:9      | Reached skill level 5 in Invocations
  4156 | D:9      | Found a staircase to the Orcish Mines.
  4273 | D:9      | Reached XP level 11. HP: 56/74 MP: 13/15
  4356 | D:9      | Killed pedritolo's ghost
  4592 | D:9      | Got a translucent quarterstaff {flame}
  4593 | D:9      | Identified the cursed +1 quarterstaff of the Unseen Realm {flame, *Noise +Blink rPois Dex+10} (You took it off an orc on level 9 of the Dungeon)
  4638 | D:10     | Entered Level 10 of the Dungeon
  4649 | D:10     | Found Ciurifiu's General Store.
  4652 | D:10     | Bought a scroll of fear for 52 gold pieces
  4652 | D:10     | Bought a potion of curing for 45 gold pieces
  5016 | D:10     | Learned a level 4 spell: Animate Dead
  5113 | D:11     | Noticed a cyclops
  5138 | D:11     | Killed a cyclops
  5292 | D:11     | Noticed a manticore
  5325 | D:11     | Killed a manticore
  5398 | D:12     | Noticed a manticore
  5406 | D:12     | Killed a manticore
  5453 | D:12     | Reached XP level 12. HP: 19/84 MP: 4/17
  5589 | D:12     | Reached ****** piety under Cheibriados
  5644 | D:12     | Found Cyushra's Assorted Antiques.
  5648 | D:12     | Bought a shimmering large shield for 294 gold pieces
  5653 | D:12     | Identified the +3 large shield of Summertime {MR+ rCorr Str+4 SInv} (You bought it in a shop on level 12 of the Dungeon)
  5678 | D:12     | Reached skill level 1 in Shields
  5679 | D:12     | Found Xuirom's Magic Scroll Boutique.
  5689 | D:12     | Found Pon Lek's Assorted Antiques.
  5697 | D:12     | Found Ylud's Food Emporium.
  5709 | D:12     | Reached skill level 2 in Shields
  5776 | D:12     | Reached skill level 3 in Shields
  5939 | D:11     | Reached skill level 4 in Shields
  6101 | D:13     | Noticed a tengu warrior
  6118 | D:13     | Killed a tengu warrior
  6118 | D:13     | Reached skill level 5 in Shields
  6155 | D:13     | Noticed a centaur warrior
  6160 | D:13     | Killed a centaur warrior
  6160 | D:13     | Reached skill level 6 in Shields
  6171 | D:13     | Noticed a seven-headed hydra
  6172 | D:13     | Found a labyrinth entrance.
  6179 | Lab      | Entered a labyrinth
  6290 | Lab      | Found an exit through the horrors of the Abyss.
  6589 | Lab      | Found an exit through the horrors of the Abyss.
  6772 | Lab      | Noticed a minotaur
  6790 | Lab      | Killed a minotaur
  6790 | Lab      | Reached skill level 7 in Shields
  6821 | D:13     | Killed a seven-headed hydra
  6846 | D:13     | Reached skill level 8 in Shields
  6850 | D:13     | Gained mutation: You are agile. (Dex +2) [mutagenic meat]
  6851 | D:13     | Gained mutation: You are partially covered in rough black scales (AC +4, Dex -1). [mutagenic meat]
  6852 | D:13     | Gained mutation: You tend to lose your temper in combat. [mutagenic meat]
  6870 | D:13     | Noticed Azrael
  6947 | D:13     | Killed Azrael
  6947 | D:13     | Reached skill level 9 in Shields
  7153 | D:15     | Entered Level 15 of the Dungeon
  7213 | D:15     | Reached XP level 13. HP: 90/90 MP: 18/18
  7217 | D:15     | Reached skill level 10 in Shields
  7221 | D:15     | Noticed an ettin
  7228 | D:15     | Killed an ettin
  7229 | D:15     | Reached skill level 11 in Shields
  7249 | D:15     | Found a staircase to the Depths.
  7547 | D:12     | Reached skill level 12 in Shields
  7576 | D:12     | Gained mutation: You occasionally shout uncontrollably at your foes. [mutagenic meat]
  7577 | D:12     | Gained mutation: You are frail (-10% HP). [mutagenic meat]
  7578 | D:12     | Gained mutation: You are very frail (-20% HP). [mutagenic meat]
  7579 | D:12     | Lost mutation: You occasionally shout uncontrollably at your foes. [potion of mutation]
  7579 | D:12     | Lost mutation: You are very frail (-20% HP). [potion of mutation]
  7579 | D:12     | Gained mutation: You are very agile. (Dex +4) [potion of mutation]
  7645 | D:11     | Gained mutation: One of your tentacles bears a spike. [mutagenic meat]
  7648 | D:11     | Lost mutation: You are frail (-10% HP). [mutagenic meat]
  7649 | D:11     | Gained mutation: Scrolls take you a little longer to read. [mutagenic meat]
  7650 | D:11     | Lost mutation: Scrolls take you a little longer to read. [mutagenic meat]
  7725 | Lair:1   | Entered Level 1 of the Lair of Beasts
  7807 | Lair:2   | Found a frozen archway.
  7867 | IceCv    | Entered an ice cave
  7923 | IceCv    | Reached skill level 13 in Shields
  8340 | Lair:3   | Found a staircase to the Snake Pit.
  8484 | Lair:3   | Got a transparent halberd
  8572 | Lair:3   | Reached XP level 14. HP: 78/95 MP: 19/19
  8581 | Lair:3   | Reached skill level 14 in Shields
  8866 | Lair:5   | Noticed Maud
  8872 | Lair:5   | Killed Maud
  8917 | Lair:6   | Learned a level 3 spell: Mephitic Cloud
  8922 | Lair:6   | Learned a level 4 spell: Petrify
  8944 | Lair:6   | Reached skill level 15 in Shields
  9100 | Lair:7   | Identified the +6 halberd "Jaosm" {speed, rElec rPois} (You found it on level 3 of the Lair of Beasts)
  9270 | Lair:8   | Entered Level 8 of the Lair of Beasts
  9318 | Lair:8   | Found a viscous altar of Jiyva.
  9318 | Lair:8   | Found a staircase to the Slime Pits.
  9375 | Lair:8   | Reached skill level 1 in Transmutations
  9389 | Lair:8   | Reached skill level 1 in Earth Magic
  9545 | Lair:8   | Reached skill level 1 in Air Magic
  9862 | Orc:1    | Entered Level 1 of the Orcish Mines
  9953 | Orc:1    | Found Boll's Off-Brand Ammunition.
  9981 | Orc:1    | Noticed Harold
  9990 | Orc:1    | Killed Harold
 10108 | Orc:2    | Entered Level 2 of the Orcish Mines
 10152 | Orc:2    | Reached XP level 15. HP: 84/101 MP: 18/20
 10213 | Orc:2    | Found Futsaesma's Jewellery Shoppe.
 10213 | Orc:2    | Found Wegak's Food Shoppe.
 10216 | Orc:2    | Found Kapaosm's Food Emporium.
 10218 | Orc:2    | Found Hoapraxt's Food Emporium.
 10252 | Orc:2    | Bought a +3 ring of evasion for 294 gold pieces
 10265 | Orc:2    | Noticed Josephine
 10274 | Orc:2    | Killed Josephine
 10312 | Orc:2    | Found a staircase to the Elven Halls.
 10570 | Orc:2    | Found a roughly hewn altar of Beogh.
 10621 | Orc:2    | Bought the amulet "Elyc" {Reflect MP+9 SH+4} for 448 gold pieces
 11231 | Lair:4   | Noticed Urug
 11242 | Lair:4   | Killed Urug
 11342 | Lair:4   | Reached skill level 5 in Earth Magic
 11424 | Lair:4   | Reached skill level 5 in Transmutations
 12040 | Lair:6   | Gained mutation: One of your tentacles bears a nasty spike. [potion of mutation]
 12040 | Lair:6   | Gained mutation: You are surrounded by a mild repulsion field (EV +2). [potion of mutation]
 12040 | Lair:6   | Gained mutation: Your muscles are strong. (Str +2) [potion of mutation]
 12119 | Lair:6   | Reached skill level 16 in Shields
 12323 | Lair:6   | Found a deep blue altar of Sif Muna.
 12483 | Lair:6   | Learned a level 2 spell: Confusing Touch
 12588 | Lair:5   | Reached skill level 10 in Dodging
 12723 | Lair:4   | Identified Weipucah's Catalogue of Supportive Cold
 12812 | Lair:3   | Found a staircase to the Shoals.
 12818 | Shoals:1 | Entered Level 1 of the Shoals
 12819 | Shoals:1 | 3k turns to find shoals...
 12844 | Shoals:1 | Gained mutation: Your system is resistant to poisons. [potion of mutation]
 12844 | Shoals:1 | Lost mutation: You tend to lose your temper in combat. [potion of mutation]
 12845 | Shoals:1 | yea! poison resist
 13070 | Shoals:3 | Reached XP level 16. HP: 83/109 MP: 21/21
 13176 | Shoals:3 | Reached skill level 10 in Fighting
 13237 | Shoals:3 | Lost mutation: You are very agile. (Dex +4) [potion of mutation]
 13237 | Shoals:3 | Lost mutation: One of your tentacles bears a nasty spike. [potion of mutation]
 13262 | Shoals:4 | Entered Level 4 of the Shoals
 13482 | Shoals:4 | Noticed Ilsuiw
 13495 | Shoals:4 | Killed Ilsuiw
 13794 | Shoals:4 | Got a barnacled rune of Zot
 14173 | D:12     | Bought a rare book for 465 gold pieces
 14173 | D:12     | Identified the Catalogue of Calling (You bought it in a shop on level 12 of the Dungeon)
 14341 | Snake:1  | Entered Level 1 of the Snake Pit
 14383 | Snake:2  | Reached XP level 17. HP: 112/116 MP: 22/22
 14658 | Snake:2  | Learned a level 2 spell: Repel Missiles
 14916 | Snake:4  | Entered Level 4 of the Snake Pit
 14918 | Snake:4  | Found a bloodstained altar of Trog.
 15146 | Snake:4  | Reached skill level 17 in Shields
 15196 | Snake:4  | Got a serpentine rune of Zot
 15444 | Snake:3  | Gained mutation: Your spells are a little easier to cast, but a little less powerful. [mutagenic meat]
 15445 | Snake:3  | Lost mutation: Your spells are a little easier to cast, but a little less powerful. [mutagenic meat]
 15446 | Snake:3  | Gained mutation: Your body sometimes deteriorates upon taking damage. [mutagenic meat]
 15447 | Snake:3  | Gained mutation: You are somewhat resistant to further mutation. [mutagenic meat]
 15707 | Snake:4  | Reached XP level 18. HP: 39/126 MP: 23/23
 15834 | Snake:4  | Got a transparent spear
 15835 | Snake:4  | Identified the cursed +1 spear "Ukeigati" {pierce, rC+ Str+4} (You found it on level 4 of the Snake Pit)
 16214 | Elf:1    | Entered Level 1 of the Elven Halls
 16277 | Elf:1    | Noticed Louise
 16293 | Elf:1    | Killed Louise
 16319 | Elf:1    | Noticed Roxanne
 16365 | Elf:1    | Killed Roxanne
 16367 | Elf:1    | Identified Roxanne's Compendium of Earth (You took it off Roxanne on level 1 of the Elven Halls)
 16369 | Elf:1    | at last statue form
 16504 | Elf:2    | Learned a level 6 spell: Statue Form
 16635 | Elf:3    | Entered Level 3 of the Elven Halls
 16640 | Elf:3    | Reached skill level 5 in Spellcasting
 16663 | Elf:3    | Noticed a deep elf blademaster
 16665 | Elf:3    | Killed a deep elf blademaster
 16732 | Elf:3    | Noticed a deep elf master archer
 16733 | Elf:3    | Noticed an Ice Fiend
 16735 | Elf:3    | Reached skill level 10 in Transmutations
 16791 | Elf:3    | Killed a deep elf master archer
 16792 | Elf:3    | Noticed an Ice Fiend
 16802 | Elf:3    | Reached skill level 10 in Earth Magic
 16806 | Elf:3    | Reached XP level 19. HP: 131/131 MP: 24/28
 16808 | Elf:3    | Reached skill level 18 in Shields
 16863 | Elf:3    | Identified the Incunabulum of Aerial Translocation
 16870 | Elf:3    | Learned a level 4 spell: Summon Lightning Spire
 16877 | Elf:3    | Identified the Catalogue of Ensnaring Flight
 16951 | Elf:3    | Reached skill level 1 in Ice Magic
 16970 | Elf:3    | Noticed an Ice Fiend
 17100 | Elf:3    | Reached skill level 5 in Stealth
 17551 | Slime:1  | Entered Level 1 of the Pits of Slime
 17573 | Slime:1  | Reached skill level 1 in Summonings
 17827 | Slime:6  | Entered Level 6 of the Pits of Slime
 17864 | Slime:6  | Noticed the Royal Jelly
 17896 | Slime:6  | Killed the Royal Jelly
 17896 | Slime:6  | Reached skill level 10 in Stealth
 17896 | Slime:6  | Reached XP level 20. HP: 44/139 MP: 3/31
 17907 | Slime:6  | Mangled by a death ooze

Skill      XL: |  1  2  3  4  5  6  7  8  9 10 11 12 13 14 15 16 17 18 19 |
---------------+----------------------------------------------------------+-----
Unarmed Combat | 1 3 4 6 8 10 11 12 13 14 | 14.6
Fighting       | 3 4 6 8 9 10 11 12 | 12.7
Dodging        | 3 5 6 8 9 10 11 12 | 12.7
Invocations    | 3 5 |  5.5
Evocations     | 4 6 7 |  7.1
Shields        | 9 13 15 16 17 18 | 18.5
Transmutations | 3 6 9 10 | 10.7
Earth Magic    | 3 6 8 9 10 | 10.3
Air Magic      | 1 |  1.7
Spellcasting   | 6 7 |  7.5
Stealth        | 10 | 10.2
Ice Magic      | 4 |  4.5
Summonings     | 3 |  3.5
Necromancy     | |  4.6

Action                   |  1- 3 |  4- 6 |  7- 9 | 10-12 | 13-15 | 16-18 | 19-21 || total
-------------------------+-------+-------+-------+-------+-------+-------+-------++-------
Melee: Unarmed           |    31 |    66 |    60 |   429 |   929 |   810 |   174 ||  2499
       Constrict         |     8 |    27 |    61 |    62 |   175 |   127 |    22 ||   482
       Tentacles         |     3 |    24 |    61 |   169 |   394 |   359 |    65 ||  1075
       Punch             |     1 |     5 |    23 |    67 |   177 |   169 |    45 ||   487
       Spear             |       |    43 |   183 |       |       |       |       ||   226
       Kick              |       |       |       |       |   576 |   546 |   101 ||  1223
 Cast: Pain              |    11 |       |       |       |       |       |       ||    11
       Animate Skeleton  |     2 |     8 |    20 |    41 |    48 |    11 |       ||   130
       Regeneration      |     2 |     9 |    26 |    31 |    26 |    65 |     9 ||   168
       Animate Dead      |       |       |       |     6 |    11 |    39 |     1 ||    57
       Repel Missiles    |       |       |       |       |       |     5 |       ||     5
       Statue Form       |       |       |       |       |       |     3 |     7 ||    10
       Summon Lightning  |       |       |       |       |       |       |     2 ||     2
Invok: Slouch            |       |       |       |     3 |    17 |    19 |     8 ||    47
       Temporal Distorti |       |       |       |       |     8 |       |       ||     8
Evoke: Wand              |       |       |     9 |    30 |     7 |     3 |     7 ||    56
       Box of beasts     |       |       |       |       |       |     2 |     5 ||     7
       Sack of spiders   |       |       |       |       |       |       |     4 ||     4
       Phial of floods   |       |       |       |       |       |       |     1 ||     1
  Use: Potion            |       |     8 |     4 |     4 |     7 |     6 |     6 ||    35
       Scroll            |       |       |    17 |    11 |     7 |     9 |     4 ||    48
 Stab: Sleeping          |     1 |     9 |    19 |    18 |    44 |    10 |     3 ||   104
       Distracted        |       |       |     1 |     4 |     6 |    13 |       ||    24
       Confused          |       |       |       |     4 |       |       |       ||     4
  Eat: Chunk             |       |     3 |     2 |     9 |    30 |    14 |       ||    58
       Meat ration       |       |       |     2 |     1 |     1 |     4 |       ||     8
       Royal jelly       |       |       |       |     1 |     1 |       |       ||     2
       Pizza             |       |       |       |       |       |     1 |       ||     1
       Bread ration      |       |       |       |       |       |       |     1 ||     1
Armor: Skin              |     4 |     6 |    49 |     2 |    27 |    39 |    90 ||   217
Dodge: Dodged            |    20 |    56 |   113 |   266 |   311 |   371 |   353 ||  1490
       Deflected         |       |       |       |       |       |     9 |     1 ||    10
Block: Large shield      |       |       |       |    93 |  1050 |  1210 |   366 ||  2719
       Reflection        |       |       |       |       |    17 |   193 |    16 ||   226
